 Dungeon Crawl Stone Soup version 0.28.0-53-g5a82cb258f (webtiles) character file.

Game seed: 8057006756906445127

1142 mortz the Conjurer (level 7, -4/51 HPs)
             Began as a Demigod Conjurer on June 1, 2022.
             Slain by a red ugly thing (22 damage)
             ... on level 6 of the Dungeon on June 2, 2022.
             The game lasted 00:31:01 (6653 turns).

mortz the Conjurer (Demigod Conjurer)               Turns: 6653, Time: 00:31:02

Health: -4/51      AC:  4    Str:  8    XL:     7   Next: 92%
Magic:  11/16      EV: 11    Int: 31    God:
Gold:   35         SH:  3    Dex: 12    Spells: 7/14 levels left

rFire   . . .      SeeInvis .   o - +1 short sword (elec) {short}
rCold   . . .      Faith    .   p - +0 buckler
rNeg    . . .      Spirit   .   l - +0 leather armour
rPois   .          Reflect  .   x - +1 hat {Int+3}
rElec   .          Harm     .   (no cloak)
rCorr   .          Rampage  .   (no gloves)
Will    .....                   (no boots)
Stlth   ++........              (no amulet)
HPRegen 0.17/turn               (no ring)
MPRegen 0.15/turn               (no ring)

@: about to teleport
A: high MP 1, forlorn, divine attributes
a: no special abilities


You were on level 6 of the Dungeon.
You visited 1 branch of the dungeon, and saw 6 of its levels.
You also visited: Ossuary.

You collected 195 gold pieces.
You spent 160 gold pieces at shops.


Innate Abilities, Weirdness & Mutations

You have an increased reservoir of magic. (+10% MP)
You shall have no god before yourself.
Your divine heritage dramatically boosts your attributes as you level up.


   Skills:
 - Level 0.6 Fighting
 - Level 0.2 Short Blades
 - Level 2.2 Dodging
 - Level 3.4 Stealth
 + Level 4.2 Spellcasting
 + Level 6.5 Conjurations
 * Level 3.8 Translocations
 - Level 0.3 Evocations


You had 7 spell levels left.
You knew the following spells:

 Your Spells              Type           Power      Damage    Failure   Level
a - Magic Dart            Conj           100%       1d8       1%          1
b - Searing Ray           Conj           94%        2d7       1%          2
c - Iskenderun's Mystic   Conj/Tloc      39%        2d9       14%         4

Your spell library contained the following spells:

 Spells                   Type           Power      Damage    Failure   Level
 Dazzling Flash           Conj/Hex       52%        N/A       9%          3
 Fulminant Prism          Conj/Hex       13%        3d9       30%         4
 Starburst                Conj/Fire      13%        6d5       99%         6

Inventory:

Hand Weapons
 d - a +0 short sword {short}
   (You found it on level 1 of the Dungeon)
 m - a +0 hand axe {axe}
   (You took it off an orc on level 3 of the Dungeon)
 o - a +1 short sword of electrocution (weapon) {short}
   (You took it off a hobgoblin on level 3 of the Dungeon)
Armour
 l - a +0 leather armour (worn)
   (You took it off an orc on level 3 of the Dungeon)
 p - a +0 buckler (worn)
   (You took it off a hobgoblin on level 3 of the Dungeon)
 x - a +1 hat of intelligence (worn)
   (You bought it in a shop on level 3 of the Dungeon)
Wands
 a - a wand of mindburst (19)
   (You found it on level 5 of the Dungeon)
 k - a wand of polymorph (17)
   (You found it on level 2 of the Dungeon)
 w - a wand of iceblast (11)
   (You took it off Ijyb on level 4 of the Dungeon)
Scrolls
 b - 4 scrolls of noise {unknown}
 e - 2 scrolls of identify {@r1}
 h - a scroll of summoning {unknown}
 i - a scroll of teleportation {@r4}
 r - 2 scrolls of silence {unknown}
 s - a scroll of torment {unknown}
 v - a scroll of amnesia {unknown}
 y - a scroll of vulnerability {unknown}
 z - 2 scrolls of blinking {unknown}
 A - a scroll of acquirement {unknown}
Potions
 c - a potion of heal wounds {unknown}
 f - 3 potions of attraction {!q}
 g - 2 potions of lignification {!q}
 j - a potion of resistance {unknown}
 n - 2 potions of curing {@q1}
 q - a potion of invisibility
 t - a potion of ambrosia
 u - a potion of haste {@q3}

Dungeon Overview and Level Annotations

Branches:
Dungeon (6/15)             Temple (0/1) D:4         Ossuary (visited)

Shops:
D:3 [ #.# #.# ā‰ˆ. #.# #.# Pā‰ˆ

#.# #.# #### #.#
#.# #.. #.# #.# #.#
#.# #.####.# #.#
#.##...#
#.####......#
#...u@......#######
#########.........#
#........##
#.........#
#.......#.#
#.......#.#
#...........
###.#####.## #)# .#


You could see a red ugly thing.


Message History

šŸ˜Ž MP[-1]
You lost 1 mp, and now have 15/16 mp.
Aiming: Magic Dart (safe; 1% risk of failure)
Press: ? - help, Q - select action, (/) - cycle Shift-Dir - straight line, f/p - necrophage
Aim: a necrophage (lightly damaged, 100% to hit)
The magic dart hits the necrophage.
The black bear growls angrily. šŸ˜Ž MP[-1]
You lost 1 mp, and now have 14/16 mp.
Casting: Magic Dart (safe; 1% risk of failure)
Confirm with . or Enter, or press ? or * to list all spells.
Aiming: Searing Ray (safe; 1% risk of failure)
Press: ? - help, Shift-Dir - straight line, f/p - necrophage
Aim: a necrophage (lightly damaged, 82% to hit)
Okay, then.
Casting: Searing Ray (safe; 1% risk of failure)
Confirm with . or Enter, or press ? or * to list all spells.
Aiming: Searing Ray (safe; 1% risk of failure)
Press: ? - help, Shift-Dir - straight line, f/p - necrophage
Aim: a necrophage (lightly damaged, 82% to hit)
The searing ray hits the necrophage!
The searing ray hits the black bear but does no damage. (Press . to maintain the ray.) šŸ˜Ž MP[-1]
You lost 1 mp, and now have 13/16 mp.
The searing ray hits the necrophage!
The searing ray hits the black bear!
The necrophage closely misses you. šŸ˜Ž MP[-1]
You lost 1 mp, and now have 12/16 mp.
The searing ray hits the necrophage!
You destroy the necrophage!
The searing ray hits the black bear!
The black bear goes berserk! šŸ˜Ž MP[-1]
You lost 1 mp, and now have 11/16 mp.
The searing ray misses the black bear.
You finish channelling your searing ray.
The black bear bites you but does no damage.
The black bear claws you.
The black bear misses you. šŸ˜• HP[-4] MP[-1]
You take 4 damage, and now have 47/51 hp.
You lost 1 mp, and now have 10/16 mp.
Casting: Searing Ray (safe; 1% risk of failure)
Confirm with . or Enter, or press ? or * to list all spells.
Aiming: Searing Ray (safe; 1% risk of failure)
Press: ? - help, Shift-Dir - straight line, f - black bear
Aim: a black bear (severely wounded, berserk, 87% to hit)
The searing ray hits the black bear!
You kill the black bear! (Press . to maintain the ray.) šŸ˜• MP[-2]
You lost 2 mp, and now have 8/16 mp. šŸ˜• MP[-1]
You lost 1 mp, and now have 7/16 mp.
You see here a black bear corpse.
You see here a +0 giant club {mace}.
You now have 35 gold pieces (gained 15).
f - 3 potions of attraction {!q} (gained 1)
z - 2 scrolls labelled NOAM IH JOH (gained 1)
A red ugly thing comes into view.
The red ugly thing gurgles horribly! šŸ˜Ž HP[+4] MP[+9]
Your hp is fully restored (51).
Your mp is fully restored (16).
Aiming: Magic Dart (safe; 1% risk of failure)
Press: ? - help, Q - select action, (/) - cycle Shift-Dir - straight line, f - red ugly thing
Aim: a red ugly thing (100% to hit)
The magic dart hits the red ugly thing. šŸ˜Ž MP[-1]
You lost 1 mp, and now have 15/16 mp.
Casting: Magic Dart (safe; 1% risk of failure)
Confirm with . or Enter, or press ? or * to list all spells.
Aiming: Searing Ray (safe; 1% risk of failure)
Press: ? - help, Shift-Dir - straight line, f/p - red ugly thing
Aim: a red ugly thing (lightly wounded, 82% to hit)
The searing ray hits the red ugly thing. (Press . to maintain the ray.) šŸ˜Ž MP[-2]
You lost 2 mp, and now have 13/16 mp.
The searing ray hits the red ugly thing. šŸ˜Ž MP[-1]
You lost 1 mp, and now have 12/16 mp.
The searing ray misses the red ugly thing. šŸ˜Ž MP[-1]
You lost 1 mp, and now have 11/16 mp.
The searing ray hits the red ugly thing.
You finish channelling your searing ray.
The red ugly thing bites you!
You are engulfed in flames!!
* * * LOW HITPOINT WARNING * * *
šŸ˜Ø HP[-33] MP[-1]
You take 33 damage, and now have 18/51 hp.
MASSIVE DAMAGE!! (PAUSE)
You lost 1 mp, and now have 10/16 mp. šŸ˜Ø HP[+1] šŸ˜Ø MP[+1]
As you read the scroll of teleportation {@r4}, it crumbles to dust.
You feel strangely unstable. The red ugly thing bites you.
* * * LOW HITPOINT WARNING * * *
You are engulfed in flames!!
You die...

Skill      XL: |  1  2  3  4  5  6  7 |
---------------+----------------------+-----
Conjurations   | 4 5 6 |  6.5
Stealth        | 2 3 |  3.4
Spellcasting   | 2 3 4 |  4.2
Dodging        | 2 |  2.2
Translocations | 1 3 |  3.8
Fighting       | |  0.6
Short Blades   | |  0.2
Evocations     | |  0.3

Action                   |  1- 3 |  4- 6 |  7- 9 || total
-------------------------+-------+-------+-------++-------
Melee: Short sword       |       |    11 |       ||    11
 Cast: Magic Dart        |    69 |    73 |    10 ||   152
       Searing Ray       |    24 |    33 |    12 ||    69
Evoke: Wand              |       |     4 |       ||     4
  Use: Scroll            |     2 |     5 |     1 ||     8
Armor: Robe              |     5 |     8 |       ||    13
       Leather armour    |       |       |     1 ||     1
Dodge: Dodged            |     8 |    36 |     3 ||    47

Levels and vault maps discovered:
D:1:      dpeg_arrival_water_temple_mockup, layout_loops_ring
D:2:      layout_basic, shapermc_ecumenical_altar_venn
D:3:      layout_loops_ring, chequers_temple_overflow_statue_of_worship,
          serial_shops, nicolae_shop_window_shopping
D:4:      layout_basic, grunt_dithmenos_smoke, bloody_trog,
          minmay_temple_entry_glassed_door, nicolae_ossuary_entry_giza,
          uniq_ijyb, uniq_menkaure
D:5:      layout_loops_ring, lemuel_tele_altar
D:6:      layout_loops_ring, makhleb_heckhound_becter, serial_aquarium,
          aquarium_bridge_long_joined [aquarium_subvault_bridge,
          aquarium_subvault_wall, aquarium_subvault_wall,
          aquarium_subvault_balcony, aquarium_subvault_wall,
          aquarium_subvault_bridge], aquarium_window_3, aquarium_window_1,
          aquarium_window_corner, aquarium_window_corner, aquarium_view_2d,
          aquarium_view_4, aquarium_pool_1, uniq_eustachio,
          uniq_crazy_yiuf_cottage

Notes
Turn   | Place    | Note
-------+----------+-------------------------------------------
     0 | D:1      | mortz the Demigod Conjurer began the quest for the Orb.
     0 | D:1      | Reached XP level 1. HP: 14/14 MP: 5/5
     0 | D:1      | magus.rc [v1.9.6]
   389 | D:1      | Reached skill level 4 in Conjurations
   502 | D:1      | Reached XP level 2. HP: 20/20 MP: 5/7
   505 | D:1      | Learned a level 2 spell: Searing Ray
   678 | D:1      | Reached skill level 2 in Stealth
  1486 | D:2      | Reached XP level 3. HP: 26/26 MP: 6/8
  2007 | D:3      | Reached skill level 2 in Spellcasting
  2569 | D:3      | Found Baqit's Armour Boutique.
  2693 | D:3      | Reached XP level 4. HP: 33/33 MP: 6/9
  3203 | D:4      | Reached skill level 5 in Conjurations
  3307 | D:4      | Noticed Menkaure
  3337 | D:4      | Killed Menkaure
  3338 | D:4      | Reached skill level 2 in Dodging
  3338 | D:4      | Reached skill level 3 in Stealth
  3338 | D:4      | Reached XP level 5. HP: 33/38 MP: 1/12
  3364 | D:4      | Found a sand-covered staircase.
  3447 | Ossuary  | Entered an ossuary
  3894 | Ossuary  | Learned a level 4 spell: Iskenderun's Mystic Blast
  4060 | Ossuary  | magus.rc [v1.9.6]
  4081 | Ossuary  | Reached skill level 3 in Spellcasting
  4081 | Ossuary  | Reached XP level 6. HP: 36/45 MP: 0/13
  4578 | Ossuary  | Reached skill level 1 in Translocations
  5085 | D:4      | Reached skill level 6 in Conjurations
  5212 | D:4      | Noticed Ijyb
  5218 | D:4      | Killed Ijyb
  5219 | D:4      | Reached XP level 7. HP: 49/51 MP: 7/15
  5441 | D:4      | Found a staircase to the Ecumenical Temple.
  5478 | D:5      | Entered Level 5 of the Dungeon
  5483 | D:5      | Reached skill level 2 in Translocations
  5697 | D:3      | Bought a +1 hat of intelligence for 160 gold pieces
  6362 | D:5      | You pick up a book of Spectacle and begin reading...
  6491 | D:6      | Reached skill level 3 in Translocations
  6514 | D:6      | Reached skill level 4 in Spellcasting
  6641 | D:6      | Noticed a red ugly thing
  6653 | D:6      | Slain by a red ugly thing

Vanquished Creatures
  Menkaure (D:4)
  A black bear (D:6)
  An ogre (D:6)
  2 necrophages
  An elf zombie (Ossuary)
  A scorpion (D:5)
  2 howler monkeys (D:5)
  A centaur zombie (Ossuary)
  2 human zombies (Ossuary)
  2 orc priests (D:4)
  An iguana (D:4)
  Ijyb (D:4)
  3 mummies
  4 gnolls (D:5)
  5 adders
  A howler monkey skeleton (D:4)
  An ufetubus (D:4)
  5 adder zombies (Ossuary)
  2 worms
  2 dart slugs
  7 orcs
  3 bats (D:1)
  9 endoplasms
  5 giant cockroaches
  8 goblins
  3 hobgoblins
  4 jackals
  3 quokkas
  9 ball pythons
  3 frilled lizards
  A goblin zombie (D:4)
  8 hobgoblin zombies (Ossuary)
  A jackal zombie (Ossuary)
  4 kobolds
  11 kobold zombies
  8 orc zombies (Ossuary)
  A rat (D:3)
127 creatures vanquished.

Vanquished Creatures (others)
  23 fungi (D:6)
23 creatures vanquished.

Grand Total: 150 creatures vanquished

Table legend:
 A = Non-vault XP
 B = Vault XP
 C = Vault XP percentage of total XP
 D = Non-vault monster count
 E = Vault monster count
 F = Vault count percentage of total count
                 A         B        C        D         E       F
            +---------+---------+-------+---------+---------+-------
      Total |    1079 |     553 |  33.9 |      84 |      43 |  33.9
            +---------+---------+-------+---------+---------+-------
        D:1 |      25 |       0 |   0.0 |      14 |       0 |   0.0
        D:2 |      35 |       0 |   0.0 |      17 |       0 |   0.0
        D:3 |      73 |       0 |   0.0 |      26 |       0 |   0.0
        D:4 |     187 |     228 |  54.9 |      15 |       5 |  25.0
        D:5 |     372 |       0 |   0.0 |       8 |       0 |   0.0
        D:6 |     387 |       0 |   0.0 |       4 |       0 |   0.0
    Ossuary |       0 |     325 | 100.0 |       0 |      38 | 100.0
            +---------+---------+-------+---------+---------+-------

Illustrated notes

Table legend:
 A = Kills in this place as a percentage of kills in entire the game.
 B = Kills by you in this place as a percentage of kills by you in the entire game.
 C = Kills by friends in this place as a percentage of kills by friends in the entire game.
 D = Other kills in this place as a percentage of other kills in the entire game.
 E = Experience gained in this place as a percentage of experience gained in the entire game.
 F = Experience gained in this place divided by the number of levels of this place that you have seen.
                   A       B       C       D       E      F
               +-------+-------+-------+-------+-------+----------------------
         Total | 100.0 | 100.0 |   N/A |   N/A | 100.0 | 233.1
       Dungeon |  70.1 |  70.1 |   N/A |   N/A |  80.1 | 217.8
       Ossuary |  29.9 |  29.9 |   N/A |   N/A |  19.9 | 325.0
               +-------+-------+-------+-------+-------+----------------------

Table legend: (Time is in decaauts)
 A = Elapsed time spent in this place.
 B = Non-inter-level travel time spent in this place.
 C = Inter-level travel time spent in this place.
 D = Time resting spent in this place.
 E = Time spent auto-exploring this place.
 F = Levels seen in this place.
 G = Mean time per level.
                   A        B        C        D        E       F      G
               +--------+--------+--------+--------+--------+-----+--------+
         Total |   6656 |   6442 |    214 |    986 |   3978 |   7 |  950.9 |
       Dungeon |   5367 |   5153 |    214 |    467 |   3958 |   6 |  894.5 |
       Ossuary |   1288 |   1288 |      0 |    519 |     20 |   1 | 1288.0 |
               +--------+--------+--------+--------+--------+-----+--------+

Top non-repeatable levels by time:
 Ossuary: 1288 daAuts
     D:3: 1165 daAuts
     D:4: 1156 daAuts
     D:1: 1076 daAuts
     D:5: 904 daAuts
     D:2: 899 daAuts
     D:6: 164 daAuts
